 Dungeon Crawl Stone Soup version 0.23.2-1-ga50397a (webtiles) character file.

Game seed: 18059958873456396816

184 troglodite the Conjurer (level 5, -3/32 HPs)
             Began as an Octopode Conjurer on May 23, 2019.
             Killed from afar by an orc wizard (11 damage)
             ... with a magic dart
             ... on level 2 of the Dungeon.
             The game lasted 00:14:04 (4231 turns).

troglodite the Conjurer (Octopode Conjurer)         Turns: 4231, Time: 00:14:06

Health: -3/32      AC:  1    Str:  7    XL:     5   Next: 63%
Magic:  3/9        EV: 13    Int: 18    God:
Gold:   59         SH:  0    Dex: 13    Spells: 2/9 levels left

rFire    . . .     SeeInvis .   h - +0 dagger
rCold    . . .     Gourm    .   (no shield)
rNeg     . . .     Faith    .   (helmet restricted)
rPois    .         Spirit   .   (no amulet)
rElec    .         Reflect  .   l - ring of wizardry
rCorr    .         Harm     .   n - ring of flight
MR       .....                  (no ring)
Stlth    ++++......             (no ring)
HPRegen  0.10/turn              (no ring)
MPRegen  0.11/turn              (no ring)
                                (no ring)
                                (no ring)

@: no status effects
A: almost no armour, stealthy swim, amphibious, 8 rings, constrict 8, camouflage
1, gelatinous body 1
a: Evoke Flight


You were on level 2 of the Dungeon.
You were not hungry.

You visited 1 branch of the dungeon, and saw 3 of its levels.

You collected 59 gold pieces.

Inventory:

Hand Weapons
 e - a +0 hunting sling
 h - a +0 dagger (weapon)
Missiles
 o - 92 stones (quivered)
 q - 21 sling bullets
Jewellery
 l - a ring of wizardry (left tentacle)
 n - a ring of flight (right tentacle)
Wands
 t - a wand of random effects (17)
Scrolls
 a - 3 scrolls of identify {unknown}
 d - a scroll of enchant weapon {unknown}
 f - 2 scrolls of remove curse {unknown}
 k - a scroll of amnesia {unknown}
 m - a scroll of fear {unknown}
 p - a scroll of fog {unknown}
 r - a scroll of teleportation {unknown}
Potions
 c - a potion of degeneration {unknown}
 g - a potion of might {unknown}
 i - 2 potions of cancellation {unknown}
 j - a potion of mutation {unknown}
Comestibles
 b - 6 rations


   Skills:
 + Level 0.3 Fighting
 + Level 1.2 Short Blades
 * Level 1.0 Slings
 * Level 2.3 Dodging
 * Level 4.0 Stealth
 * Level 2.9 Spellcasting
 * Level 5.2 Conjurations


You had 2 spell levels left.
You knew the following spells:

 Your Spells              Type           Power        Failure   Level  Hunger
a - Magic Dart            Conj           ###.         1%          1    None
b - Searing Ray           Conj           ###...       1%          2    ##.....
c - Iskenderun's Mystic   Conj           ###.....     8%          4    ####...

Your spell library contained the following spells:

 Spells                   Type           Power        Failure   Level  Hunger
 Dazzling Spray           Conj/Hex       ##....       7%          3    ###....
 Force Lance              Conj/Tloc      ##......     22%         4    ####...
 Fulminant Prism          Conj/Hex       ##........   22%         4    ####...


Dungeon Overview and Level Annotations

Branches:
Dungeon (3/15)

Altars:
Nemelex Xobeh
Wu Jian
Zin

Shops:
D:3 *

Annotations:
D:3 Grinder


Innate Abilities, Weirdness & Mutations

You cannot wear most types of armour.
You are very stealthy in the water. (Stealth+)
You are amphibious.
You can wear up to eight rings at the same time.
You can use your tentacles to constrict eight enemies at once.
Your skin changes colour to match your surroundings (Stealth+).
Your rubbery body absorbs attacks. (AC +1, EV +1)


Message History

Reactivating autopickup.
There is a stone staircase leading down, spattered with blood here.
You hit the orc. Your grab misses the orc.
The orc is lightly wounded.
The orc hits you.
You hit the orc. Your grab misses the orc.
The orc is heavily wounded.
Something hits you.
Deactivating autopickup; reactivate with Ctrl-A.
You hit the orc but do no damage. Your grab misses the orc.
The orc is heavily wounded.
The orc closely misses you. Something hits you.
* * * LOW HITPOINT WARNING * * *
You hit the orc but do no damage. Your grab misses the orc.
The orc is heavily wounded.
The orc barely misses you.
You hear some strange, mumbled words.
A magic dart appears from out of thin air!
The magic dart hits you!
You die...

#######.####.#..... #.....#.#
#...###. #.###.#.####..##.##
#########.##..........#._.#
####......##.#...#.##..####.##
#..........#.#...#.##.##..#'#.
#.#........#.#...#[##.#.).'.'.
####.#......#.#.....#.##.##.##.##
................@{....#...###.#.#
.###......#.#.#)o.#.###.......#..
.#....##..#.#.#.#.#.#...####.###.
.#.##.##..#.#.#.......### #.....
.#....##..#.#.#...#.########.####
.#....##..#....<.................
)#....##..###.#####.#############
.#........# #.......# .#.......##
#########


You could see an orc.

Vanquished Creatures
  Jessica (D:2)
  Robin (D:3)
  3 adders (D:2)
  2 oozes (D:2)
  4 worms
  4 dart slugs
  A leopard gecko (D:2)
  11 orcs
  3 giant cockroaches
  11 goblins
  10 hobgoblins
  2 jackals (D:2)
  2 quokkas (D:2)
  A ball python (D:1)
  6 bats
  6 frilled lizards
  5 kobolds (D:2)
  8 rats
81 creatures vanquished.

Notes
Turn   | Place    | Note
-------+----------+-------------------------------------------
     0 | D:1      | troglodite the Octopode Conjurer began the quest for the
                  | Orb.
     0 | D:1      | Reached XP level 1. HP: 11/11 MP: 3/3
     0 | D:1      | Noticed a vampire
     0 | D:1      | Noticed a felid
     0 | D:1      | Noticed a formicid
     2 | D:1      | Noticed a ghoul
     2 | D:1      | Noticed a naga
     6 | D:1      | Noticed a draconian
     7 | D:1      | Noticed a draconian
     9 | D:1      | Noticed a dwarf
    10 | D:1      | Noticed a gargoyle
    12 | D:1      | Noticed a ghoul
    14 | D:1      | Noticed a spriggan
    14 | D:1      | Noticed a spriggan
    16 | D:1      | Noticed a felid
    18 | D:1      | Noticed a ghoul
    18 | D:1      | Noticed a centaur
    20 | D:1      | Noticed a felid
    20 | D:1      | Noticed a formicid
   134 | D:1      | Reached XP level 2. HP: 13/17 MP: 0/5
   138 | D:1      | Learned a level 2 spell: Searing Ray
   875 | D:1      | Reached XP level 3. HP: 21/21 MP: 1/6
  1674 | D:2      | Found an ornate altar of the Wu Jian Council.
  1759 | D:2      | Reached XP level 4. HP: 27/27 MP: 0/7
  2253 | D:2      | Learned a level 4 spell: Iskenderun's Mystic Blast
  2405 | D:2      | Found a sparkling altar of Nemelex Xobeh.
  2415 | D:2      | Reached skill level 5 in Conjurations
  2597 | D:3      | Noticed Grinder
  2656 | D:3      | Noticed Jessica
  2677 | D:2      | Killed Jessica
  2677 | D:2      | Reached skill level 1 in Slings
  2677 | D:2      | Reached XP level 5. HP: 22/31 MP: 1/9
  3161 | D:3      | Noticed Robin
  3776 | D:3      | Killed Robin
  3776 | D:3      | Reached skill level 1 in Short Blades
  3884 | D:3      | Found a glowing silver altar of Zin.
  3886 | D:3      | Found Zin's Purification Station.
  3992 | D:3      | Paralysed by Grinder for 4 turns
  4231 | D:2      | Killed from afar by an orc wizard

Skill      XL: |  1  2  3  4  5 |
---------------+----------------+-----
Stealth        | 3 4 |  4.0
Conjurations   | 5 |  5.2
Slings         | 1 |  1.0
Short Blades   | 1 |  1.2
Fighting       | |  0.3
Dodging        | |  2.3
Spellcasting   | |  2.9

Action                   |  1- 3 |  4- 6 || total
-------------------------+-------+-------++-------
Melee: Dagger            |    19 |    42 ||    61
       Constrict         |     5 |    12 ||    17
       Tentacles         |     5 |     9 ||    14
       Unarmed           |     2 |       ||     2
 Cast: Magic Dart        |    67 |    21 ||    88
       Searing Ray       |     2 |    20 ||    22
       Iskenderun's Myst |       |     4 ||     4
 Stab: Sleeping          |     1 |     1 ||     2
  Eat: Chunk             |     3 |    10 ||    13
Armor: Skin              |     3 |     3 ||     6
Dodge: Dodged            |    14 |    53 ||    67
